 Dungeon Crawl Stone Soup version 0.28.0-1-gb440e238dd (webtiles) character file.

Game seed: 15756238769478738420

109 issech the Cudgeller (level 4, -3/45 HPs)
             Began as a Troll Monk on Feb 24, 2022.
             Blown up by Ijyb (10 damage)
             ... with a mindburst bolt
             ... on level 3 of the Dungeon.
             The game lasted 00:09:27 (2821 turns).

issech the Cudgeller (Troll Monk)                   Turns: 2821, Time: 00:09:28

Health: -3/45      AC:  4    Str: 19    XL:     4   Next: 60%
Magic:  3/3        EV: 10    Int:  6    God:
Gold:   127        SH:  0    Dex: 14    Spells: 3/3 levels left

rFire   . . .      SeeInvis .   p - +0 flail
rCold   . . .      Faith    .   (no shield)
rNeg    . . .      Spirit   .   b - +0 robe
rPois   .          Reflect  .   (helmet restricted)
rElec   .          Harm     .   (no cloak)
rCorr   .          Rampage  .   (gloves unavailable)
Will    .....                   (boots unavailable)
Stlth   ++........              (no amulet)
HPRegen 0.95/turn               (no ring)
MPRegen 0.08/turn               (no ring)

@: no status effects
A: large, unfitting armour, claws 3, regeneration 1, shaggy fur 1, tough skin 1
a: no special abilities


You were on level 3 of the Dungeon.
You visited 1 branch of the dungeon, and saw 3 of its levels.

You collected 127 gold pieces.

Inventory:

Hand Weapons
 a - a +0 mace
 n - a +2 dagger of venom
 p - a +0 flail (weapon)
 q - a +2 short sword of electrocution
 s - a +2 dagger of venom
Missiles
 d - 2 throwing nets (quivered)
 e - 4 poisoned darts
 f - 10 arrows
 g - 73 stones
 i - 25 bolts
 r - 20 sling bullets
Armour
 b - a +0 robe (worn)
Scrolls
 h - a scroll of magic mapping {unknown}
 j - a scroll of identify {unknown}
 m - 4 scrolls of noise {unknown}
 o - a scroll of teleportation {unknown}
Potions
 c - a potion of mutation {unknown}
 k - a potion of haste {unknown}
 l - 2 potions of curing {unknown}
 t - a potion of resistance {unknown}


   Skills:
 + Level 3.0 Fighting
 + Level 4.0 Maces & Flails
 + Level 2.9 Dodging
 + Level 1.2 Stealth


You had 3 spell levels left.
You didn't know any spells.
Your spell library was empty.

Dungeon Overview and Level Annotations

Branches:
Dungeon (3/15)

Altars:
Uskayaw

Shops:
D:1 !([**   D:2 *

Annotations:
D:3 Ijyb


Innate Abilities, Weirdness & Mutations

You are too large for most types of armour.
You have claws for hands.
Your natural rate of healing is unusually fast.
You are covered in fur. (AC +1)
You have tough skin. (AC +1)


Message History

There is an escape hatch in the ceiling here.
Found a stone staircase leading up.
There is a stone staircase leading up here.
Found a faded altar of an unknown god.
You hit the fungus.
The fungus begins to die.
The fungus is lightly damaged.
A nearby fungus withers and dies.
Ijyb the Twisted Goblin comes into view.
She is wielding a +0 dagger and carrying a wand of mindburst (11).
Ijyb shouts!
Ijyb hits the fungus with a +0 dagger.
The fungus begins to die.
Ijyb hits the fungus with a +0 dagger.
Ijyb is nearby!
You hit the fungus.
The fungus begins to die.
The fungus is lightly damaged.
Ijyb hits the plant with a +0 dagger!
The plant begins to die.
A nearby fungus withers and dies.
Ijyb zaps a wand.
You barely resist.
A nearby fungus withers and dies.
A nearby plant withers and dies.
Found a stone staircase leading down.
Ijyb zaps a wand.
Your mind is blasted!
There is a stone staircase leading down here.
You closely miss Ijyb. Ijyb hits you but does no damage.
You sock Ijyb!
Ijyb is moderately wounded.
Ijyb hits you with a +0 dagger.
You sock Ijyb!
Ijyb is severely wounded.
Ijyb zaps a wand.
Your mind is blasted!
Ijyb hits you with a +0 dagger.
You closely miss Ijyb. You claw Ijyb.
Ijyb is severely wounded.
Ijyb zaps a wand.
Your mind is blasted!
* * * LOW HITPOINT WARNING * * *
Ijyb zaps a wand.
Your mind is blasted!
* * * LOW HITPOINT WARNING * * *
Ijyb zaps a wand.
Your mind is blasted!
* * * LOW HITPOINT WARNING * * *
Ijyb zaps a wand.
You barely resist.
Ijyb zaps a wand.
Your mind is blasted!
You die...

###........# ..#........####
...........##.. ..#........##.#
..#........##.# ..#).......##.#
..###.#######.# #
..###.#######.########### ######.
................@....g.>###......
#####..######..########.##...P...
######.######..# #.##.....♣♣
....##.........# #.##..♣P.♣.
....##.#######.# #......._.♣
....##.## #.# #.#.....♣.♣
....##..# #.# #.##....♣..
....##..## #.# #.##.P.....
....##...# #.# #..........


You could see Ijyb.

Vanquished Creatures
  An orc wizard (D:3)
  An adder (D:2)
  A shadow imp (D:3)
  6 orcs (D:3)
  2 ball pythons
  8 endoplasms
  3 giant cockroaches
  6 goblins
  2 hobgoblins
  6 jackals
  2 kobolds
  2 quokkas (D:2)
  6 bats
  5 frilled lizards
  6 rats
57 creatures vanquished.

Vanquished Creatures (others)
  3 fungi (D:3)
  10 plants
13 creatures vanquished.

Grand Total: 70 creatures vanquished

Notes
Turn   | Place    | Note
-------+----------+-------------------------------------------
     0 | D:1      | issech the Troll Monk began the quest for the Orb.
     0 | D:1      | Reached XP level 1. HP: 22/22 MP: 0/0
    11 | D:1      | Found Mayfeodgh's General Store.
    11 | D:1      | Found Buxeewul's Armour Emporium.
    22 | D:1      | Found Nusi's Distillery.
    88 | D:1      | Found Licepar's Antique Weapon Shoppe.
   388 | D:1      | Found Ridetwesm's General Store.
   458 | D:1      | Reached skill level 3 in Maces & Flails
   458 | D:1      | Reached XP level 2. HP: 26/29 MP: 1/1
  1171 | D:2      | Identified the +1 scale mail "Quesooff" {Rampage rN++ Dex-4
                  | Stlth-}
  1212 | D:2      | Reached XP level 3. HP: 21/36 MP: 2/2
  1251 | D:2      | Found Zerch's Assorted Antiques.
  2069 | D:3      | Reached XP level 4. HP: 29/44 MP: 3/3
  2312 | D:3      | Reached skill level 4 in Maces & Flails
  2594 | D:3      | Found a hide-covered altar of Uskayaw.
  2786 | D:3      | Found a faded altar of an unknown god.
  2795 | D:3      | Noticed Ijyb
  2821 | D:3      | Blown up by Ijyb

Illustrated notes

Levels and vault maps discovered:
D:1:      nicolae_arrival_memento_mori, layout_basic, serial_shops, shop_statue,
          nicolae_shop_waterfront, shop_statue, shop, nicolae_shop_crystal,
          serial_bayou_lake_a
D:2:      layout_basic, serial_shops, nicolae_shop_overgrown_old_shop
D:3:      layout_basic, eat_drink_and_be_merry_uskayaw,
          dreamdust_ecumenical_altar_grove, uniq_ijyb

Skill      XL: |  1  2  3  4 |
---------------+-------------+-----
Maces & Flails | 3 4 |  4.0
Fighting       | 3 |  3.0
Dodging        | |  2.9
Stealth        | |  1.2

Action                   |  1- 3 |  4- 6 || total
-------------------------+-------+-------++-------
Melee: Mace              |   120 |       ||   120
       Punch             |     1 |     2 ||     3
       Flail             |    14 |    65 ||    79
 Stab: Sleeping          |     1 |       ||     1
Armor: Robe              |    51 |    33 ||    84
Dodge: Dodged            |    82 |    50 ||   132
